 Dungeon Crawl Stone Soup version 0.21.1-1-g345015fe64 (webtiles) character file.

170 Oravi the Changer (level 5, -3/37 HPs)
             Began as a Merfolk Transmuter on Apr 27, 2018.
             Slain by Grinder (10 damage)
             ... while paralysed by Grinder
             ... on level 3 of the Dungeon.
             The game lasted 00:14:00 (3386 turns).

Oravi the Changer (Merfolk Transmuter)              Turns: 3386, Time: 00:14:01

Health: -3/37      AC:  2    Str: 12    XL:     5   Next: 51%
Magic:  6/8        EV:  5    Int: 16    God:
Gold:   101        SH:  0    Dex: 19    Spells: 2/8 levels left

rFire    . . .     SeeInvis .     - Unarmed
rCold    . . .     Gourm    .   (shield currently unavailable)
rNeg     . . .     Faith    .   (armour currently unavailable)
rPois    x         Spirit   .   (helmet currently unavailable)
rElec    .         Reflect  .   (cloak currently unavailable)
rCorr    .         Harm     .   (gloves currently unavailable)
MR       .....                  (boots currently unavailable)
Stlth    ++........             (no amulet)
HPRegen  0.12/turn              (no ring)
MPRegen  0.11/turn              (no ring)

@: paralysed, spider-form (expiring), hasted
A: tiny, (change form in water), (swift swim), (stealthy swim), clever 1, strong
1
a: End Transformation


You were on level 3 of the Dungeon.
You were hungry.
You were a venomous arachnid creature.
You visited 1 branch of the dungeon, and saw 3 of its levels.

You collected 101 gold pieces.

Inventory:

Missiles
 a - 12 arrows
 g - 69 stones (quivered)
Armour
 b - a +1 robe (melded)
Jewellery
 n - an uncursed ring of wizardry {unknown}
Scrolls
 e - a scroll of teleportation
 i - 2 scrolls of remove curse
 k - a scroll of immolation
Potions
 l - 2 potions of agility {unknown}
 m - a potion of heal wounds {unknown}
Books
 c - a book of Changes

   Spells                             Type                      Level
   a - Beastly Appendage              Transmutation                1
   b - Sticks to Snakes               Transmutation                2
   c - Spider Form                    Transmutation/Poison         3
   d - Ice Form                       Ice/Transmutation            4
   e - Blade Hands                    Transmutation                5
Comestibles
 d - 4 rations


   Skills:
 + Level 1.3 Fighting
 + Level 3.6 Dodging
 + Level 4.7 Unarmed Combat
 - Level 2.0 Spellcasting
 * Level 5.1 Transmutations
 * Level 1.2 Poison Magic


You had 2 spell levels left.
You knew the following spells:

 Your Spells              Type           Power        Failure   Level  Hunger
a - Beastly Appendage     Tmut           ###...       10%         1    #......
b - Sticks to Snakes      Tmut           ###.....     12%         2    ###....
c - Spider Form           Tmut/Pois      ##........   36%         3    ###....


Dungeon Overview and Level Annotations

Branches:
Dungeon (3/15)

Altars:
Elyvilon
Ru
Trog
Yredelemnul

Annotations:
D:3 Grinder


Innate Abilities, Weirdness & Mutations

((You revert to your normal form in water.))
((You are very nimble and swift while swimming.))
((You are very stealthy in the water. (Stealth+)))
Your mind is acute. (Int +2)
Your muscles are strong. (Str +2)
((Your movements are slightly less encumbered by armour. (ER -2)))


Message History

Pain shoots through your body!
You miss the frilled lizard. You bite the frilled lizard!
You kill the frilled lizard!
Grinder gestures at you. Pain shoots through your body!
You are too injured to fight recklessly!
You are too injured to fight recklessly!
You are too injured to fight recklessly!
Grinder gestures at you.
You suddenly lose the ability to move!
Grinder gestures at you.
You barely resist.
Grinder blinks!
Grinder hits you.
* * * LOW HITPOINT WARNING * * *
You writhe in agony.
* * * LOW HITPOINT WARNING * * *
Grinder hits you!
You die...

####.# #. #....# #.
#.#### #. #.# #. #.#
#. #.# #. #.### #
.?####.##.#.#####.#
......g.s.........#.
.#####.##5#.........
#.###.#.#.####
#.........#
###########


You could see Grinder and a goblin.

Vanquished Creatures
  6 gnolls
  2 adders
  An ooze (D:2)
  3 dart slugs
  4 leopard geckos
  3 orcs (D:3)
  12 bats
  7 giant cockroaches
  4 goblins
  4 hobgoblins
  7 jackals (D:1)
  10 kobolds
  A quokka (D:2)
  3 frilled lizards
  2 gnoll zombies (D:2)
  7 rats
76 creatures vanquished.

Notes
Turn   | Place    | Note
-------+----------+-------------------------------------------
     0 | D:1      | Oravi the Merfolk Transmuter began the quest for the Orb.
     0 | D:1      | Reached XP level 1. HP: 15/15 MP: 3/3
   283 | D:1      | Reached XP level 2. HP: 19/21 MP: 3/5
   327 | D:1      | Reached skill level 3 in Transmutations
   495 | D:1      | Reached XP level 3. HP: 22/26 MP: 4/6
  1205 | D:2      | Found a basalt altar of Yredelemnul.
  1270 | D:2      | Found a sacrificial altar of Ru.
  1384 | D:2      | Reached skill level 4 in Transmutations
  1384 | D:2      | Reached XP level 4. HP: 30/32 MP: 5/7
  1393 | D:2      | Learned a level 2 spell: Sticks to Snakes
  1397 | D:2      | Learned a level 3 spell: Spider Form
  1506 | D:2      | Found a white marble altar of Elyvilon.
  2403 | D:2      | Reached XP level 5. HP: 36/37 MP: 2/8
  2676 | D:2      | Reached skill level 5 in Transmutations
  3003 | D:3      | Found a bloodstained altar of Trog.
  3008 | D:3      | Reached skill level 1 in Poison Magic
  3373 | D:3      | Noticed Grinder
  3376 | D:3      | Gained mutation: Your mind is acute. (Int +2) [potion of mutation]
  3376 | D:3      | Gained mutation: Your movements are slightly less encumbered by armour. (ER -2) [potion of mutation]
  3376 | D:3      | Gained mutation: Your muscles are strong. (Str +2) [potion of mutation]
  3380 | D:3      | Paralysed by Grinder for 7 turns
  3386 | D:3      | Slain by Grinder

Skill      XL: |  1  2  3  4  5 |
---------------+----------------+-----
Transmutations | 3 4 5 |  5.1
Unarmed Combat | 4 |  4.7
Dodging        | 3 |  3.6
Poison Magic   | 1 |  1.2
Fighting       | |  1.3
Spellcasting   | |  2.0

Action                   |  1- 3 |  4- 6 || total
-------------------------+-------+-------++-------
Melee: Unarmed           |   126 |   105 ||   231
       Headbutt          |    17 |     2 ||    19
       Punch             |     3 |       ||     3
Throw: Stone             |    14 |    66 ||    80
 Cast: Beastly Appendage |    21 |     3 ||    24
       Spider Form       |       |    18 ||    18
  Use: Scroll            |     2 |     2 ||     4
       Potion            |       |     2 ||     2
 Stab: Paralysed         |     2 |       ||     2
       Sleeping          |     1 |       ||     1
  Eat: Chunk             |     2 |     9 ||    11
Armor: Robe              |    36 |    20 ||    56
       Skin              |       |     3 ||     3
Dodge: Dodged            |   117 |   103 ||   220
